 Dungeon Crawl Stone Soup version 0.28-a0-1117-g0bdd5ba030 (webtiles) character file.

Game seed: 14055700219137978966

162 SensoryNuts the Skirmisher (level 5, 0/42 HPs)
             Began as a Demonspawn Fighter on Dec 12, 2021.
             Slain by Menkaure (20 damage)
             ... on level 4 of the Dungeon.
             The game lasted 00:04:01 (2431 turns).

SensoryNuts the Skirmisher (Demonspawn Fighter)     Turns: 2431, Time: 00:04:01

Health: 0/42       AC:  6    Str: 15 (18) XL:     5   Next: 19%
Magic:  5/5        EV: 13    Int:  9      God:
Gold:   109        SH:  0    Dex: 11 (13) Spells: 4/4 levels left

rFire   . . .      SeeInvis .   m - +2 quarterstaff (chaos)
rCold   . . .      Faith    .   (shield currently unavailable)
rNeg    . . .      Spirit   .   b - +0 scale mail
rPois   .          Reflect  .   (helmet restricted)
rElec   .          Harm     .   (no cloak)
rCorr   .          Rampage  .   (no gloves)
Will    .....                   (no boots)
Stlth   ..........              (no amulet)
HPRegen 0.14/turn               k - +4 ring of evasion
MPRegen 0.09/turn               (no ring)

@: no status effects
A: claws 1, powered by death 2, antennae 1, passive freeze, screaming 1
a: no special abilities


You were on level 4 of the Dungeon.
You visited 1 branch of the dungeon, and saw 4 of its levels.

You collected 109 gold pieces.

Inventory:

Hand Weapons
 a - a +0 long sword
 m - a +2 quarterstaff of chaos (weapon)
Armour
 b - a +0 scale mail (worn)
 c - a +0 buckler
Jewellery
 f - an amulet of magic regeneration
 h - a ring of flight
 k - a +4 ring of evasion (left claw)
Wands
 j - a wand of polymorph (4)
Scrolls
 g - a scroll of teleportation
 l - a scroll of identify
Potions
 d - 2 potions of might
 e - 2 potions of curing
 i - a potion of degeneration


   Skills:
 + Level 3.7 Fighting
 + Level 3.1 Long Blades
 + Level 3.4 Armour
 + Level 1.1 Dodging
 + Level 3.3 Shields


You had 4 spell levels left.
You didn't know any spells.
Your spell library contained the following spells:

 Spells                   Type           Power      Damage    Failure   Level
 Sandblast                Erth           0%         2d4       83%         1
 Blink                    Tloc           0%         N/A       92%         2
 Passwall                 Tmut/Erth      0%         N/A       92%         2
 Gell's Gravitas          Tloc           0%         N/A       99%         3
 Lesser Beckoning         Tloc           0%         N/A       99%         3
 Stone Arrow              Conj/Erth      0%         3d7       99%         3
 Teleport Other           Tloc           0%         N/A       99%         3
 Manifold Assault         Tloc           0%         N/A       100%        5
 Storm Form               Tmut/Air       0%         N/A       100%        7


Dungeon Overview and Level Annotations

Branches:
Dungeon (4/15)
 Temple: D:4-7

Altars:

Shops:
D:1 =

Annotations:
D:3 2 transporters, jejorda2's ghost, novice MfBe
D:4 Menkaure


Innate Abilities, Weirdness & Mutations

You have sharp fingernails.
You regenerate health from kills.
You have a pair of small antennae on your head.
A frigid envelope surrounds you and freezes all who hurt you.
You occasionally shout uncontrollably at your foes.


Message History

There is an open translucent door, spattered with blood here.
Things that are here:
a +0 cloak; the gnoll corpse of Crazy Yiuf Partly explored, unvisited transporter.
Partly explored, unvisited transporter.
You hit the fungus.
The fungus begins to die.
The fungus is lightly damaged.
You feel a little less mighty now.
A nearby fungus withers and dies.
There is a stone staircase leading up here.
The ball python hisses angrily.
Jejorda2's ghost turns its malevolent gaze towards you.
Press: ? - help, v - describe, . - travel, g - get item Item here: a club.
The floor.
Unknown command.
Unknown command.
Jejorda2's ghost whispers, "The ORB doesn't exist."
Jejorda2's ghost says, "They lied to you.
The Dungeon just goes down and down forever."
There is a stone staircase leading down here.
You climb downwards.
There is a stone staircase leading up here.
Menkaure, Prince of Dust comes into view.
Menkaure shouts!
Menkaure is nearby!
Menkaure is nearby!
Menkaure is nearby!
Menkaure mumbles some strange words.
Menkaure seems to speed up.
You hit Menkaure but do no damage. Menkaure closely misses you.
Menkaure casts a spell at you. Pain shoots through your body!
You barely miss Menkaure.
Menkaure points at you and mumbles some strange words.
Pain shoots through your body!
You hit Menkaure but do no damage. Menkaure hits you!
Menkaure resists.
Menkaure is very cold.
Menkaure is lightly damaged.
Menkaure hits you!!
You die...

#### ###...
..... .#
.... #.#
#..## ..#
#M.# ...#
#@###...##
#........#
##........
###.....##.
#..<..###
.........##
........##
...###..#
## ##..


You could see Menkaure (fast).

Vanquished Creatures
  Crazy Yiuf (D:3)
  Robin (D:2)
  3 adders
  2 worms (D:2)
  A dart slug (D:2)
  3 orcs (D:3)
  5 bats
  4 endoplasms
  6 giant cockroaches
  9 hobgoblins
  A jackal (D:2)
  5 quokkas
  9 ball pythons
  5 frilled lizards
  10 goblins
  7 kobolds
  11 rats
83 creatures vanquished.

Vanquished Creatures (others)
  A fungus (D:3)
1 creature vanquished.

Grand Total: 84 creatures vanquished

Notes
Turn   | Place    | Note
-------+----------+-------------------------------------------
     0 | D:1      | SensoryNuts the Demonspawn Fighter began the quest for the
                  | Orb.
     0 | D:1      | Reached XP level 1. HP: 18/18 MP: 1/1
   179 | D:1      | Found Gebb's Jewellery Shop.
   253 | D:1      | Gained mutation: You regenerate a little health from kills.
                  | [demonic ancestry]
   253 | D:1      | Reached XP level 2. HP: 24/24 MP: 2/2
   612 | D:1      | Reached XP level 3. HP: 19/29 MP: 3/3
  1009 | D:2      | Found a faded altar of an unknown god.
  1226 | D:2      | Gained mutation: You have sharp fingernails. [demonic
                  | ancestry]
  1226 | D:2      | Reached XP level 4. HP: 35/35 MP: 4/4
  1288 | D:2      | Noticed Robin
  1331 | D:2      | Killed Robin
  1335 | D:2      | Reached skill level 1 in Dodging
  1346 | D:2      | Gained mutation: You occasionally shout uncontrollably at
                  | your foes. [potion of mutation]
  1346 | D:2      | Gained mutation: You have a pair of small antennae on your
                  | head. [potion of mutation]
  1346 | D:2      | Gained mutation: A frigid envelope surrounds you and
                  | freezes all who hurt you. [potion of mutation]
  1904 | D:3      | Found a transporter.
  1904 | D:3      | Noticed jejorda2's ghost (novice MfBe)
  2030 | D:3      | Found a runed translucent door.
  2031 | D:3      | Noticed Crazy Yiuf
  2114 | D:3      | Found a transporter.
  2302 | D:3      | Killed Crazy Yiuf
  2303 | D:3      | Gained mutation: You regenerate health from kills. [demonic
                  | ancestry]
  2303 | D:3      | Reached XP level 5. HP: 42/42 MP: 5/5
  2426 | D:4      | Noticed Menkaure
  2431 | D:4      | Slain by Menkaure

Illustrated notes

Levels and vault maps discovered:
D:1:      dpeg_arrival_pond, layout_loops_ring, serial_shops, shop,
          chequers_jeans, minmay_tetromino_i4
D:2:      layout_rooms, ebering_ecumenical_altar_webs,
          minmay_misc_feat_diagonals, minmay_guardbox, uniq_robin
D:3:      layout_rooms, gammafunk_ghost_arena, uniq_crazy_yiuf_cottage
D:4:      layout_layer_cave, minmay_temple_entry_junction_2, uniq_menkaure,
          uniq_ijyb

Skill      XL: |  1  2  3  4 |
---------------+-------------+-----
Armour         | 3 |  3.4
Shields        | 3 |  3.3
Long Blades    | 2 3 |  3.1
Dodging        | 1 |  1.1
Fighting       | |  3.7

Action                   |  1- 3 |  4- 6 || total
-------------------------+-------+-------++-------
Melee: Long sword        |   141 |    71 ||   212
       Quarterstaff      |       |     4 ||     4
  Use: Potion            |       |     4 ||     4
       Scroll            |       |     3 ||     3
Armor: Scale mail        |    82 |    30 ||   112
Dodge: Dodged            |    89 |    69 ||   158
Block: Buckler           |    53 |    27 ||    80

Table legend: (Time is in decaauts)
 A = Elapsed time spent in this place.
 B = Non-inter-level travel time spent in this place.
 C = Inter-level travel time spent in this place.
 D = Time resting spent in this place.
 E = Time spent auto-exploring this place.
 F = Levels seen in this place.
 G = Mean time per level.
                   A        B        C        D        E       F      G
               +--------+--------+--------+--------+--------+-----+--------+
         Total |   2494 |   2494 |      0 |      0 |   1787 |   4 |  623.5 |
       Dungeon |   2494 |   2494 |      0 |      0 |   1787 |   4 |  623.5 |
               +--------+--------+--------+--------+--------+-----+--------+

Top non-repeatable levels by time:
     D:1: 1034 daAuts
     D:2: 870 daAuts
     D:3: 581 daAuts
     D:4: 7 daAuts
